AoeStats
← Axolot

Socotra

505343126Analyzed
2v2 RM · 23d ago on Sep 9, 2026· 42m 9s· 4 players
Game mode
Random Map
Map size
Tiny (2 player)
Population
200
Speed
Normal
Resources
Standard
Victory
Conquest
Starting age
Dark Age
Ending age
Imperial Age
RankedLock teamsTeams togetherTeam positionsShared explorationLock speedFull tech treeHidden civsTurbo modeCheats
Victory
Defeat
🇦🇷 Jurchens · Argentina
1488
+15
🇦🇷 Tatars · Argentina
1482
+15
🇨🇱 Persians · Chile
1474
-15
🇨🇱 Maya · Chile
1459
-15
LW | El Pencil ☭
0:26 Loom
9:46 Feudal Age
11:53 Double-Bit Axe
14:07 Fletching
16:53 Padded Archer Armor
23:57 Castle Age
24:00 Crossbowman
25:25 Bodkin Arrow
29:09 Ballistics
35:03 Wheelbarrow
36:00 Leather Archer Armor
38:18 Thumb Ring
43:21 Imperial Age
PilSeN___
4:27 Loom
8:35 Feudal Age
14:43 Town Watch
21:14 Castle Age
19:50 Scale Barding Armor
19:45 Gold Mining
20:31 Bloodlines
20:18 Horse Collar
21:52 Double-Bit Axe
27:07 Bow Saw
30:15 Gold Shaft Mining
29:42 Heavy Plow
35:00 Husbandry
38:42 Chain Barding Armor
40:17 Forging
Dino_Mate
7:01 Loom
9:30 Feudal Age
10:10 Double-Bit Axe
14:09 Fletching
16:43 Padded Archer Armor
19:33 Wheelbarrow
23:53 Castle Age
22:07 Gold Mining
22:58 Horse Collar
23:54 Crossbowman
24:31 Bodkin Arrow
25:56 Ballistics
27:01 Bow Saw
30:33 Leather Archer Armor
32:41 Town Watch
38:18 Imperial Age
38:35 Bloodlines
38:26 Husbandry
39:12 Bracer
40:44 Chemistry
Axolot
5:35 Loom
9:44 Feudal Age
16:02 Castle Age
14:44 Double-Bit Axe
25:01 Horse Collar
27:33 Bow Saw
27:27 Heavy Plow
34:13 Wheelbarrow
34:14 Scale Barding Armor
34:33 Bloodlines
36:31 Chain Barding Armor
36:22 Forging
36:16 Husbandry
37:27 Fletching
41:12 Imperial Age
39:07 Bodkin Arrow
39:46 Fortified Bastions
41:59 Siege Engineers
Connection lost

Rejoining the realm…

Still unreachable

The connection could not be restored.

Session expired

The server has moved on; the page needs a fresh start.